 Dungeon Crawl Stone Soup version 0.26-a0-611-g354ed81502 (webtiles) character file.

Game seed: 11516859869768552760

6526 MrRokkomies the Geomancer (level 11, 0/61 HPs)
             Began as an Octopode Earth Elementalist on Sept 5, 2020.
             Was an Elder of Dithmenos.
             Slain by an orc knight
             ... wielding a +0 long sword
              (8 damage)
             ... on level 9 of the Dungeon on Sept 6, 2020.
             The game lasted 00:40:15 (13476 turns).

MrRokkomies the Geomancer (OpEE)                   Turns: 13476, Time: 00:40:16

Health: 0/61       AC:  1    Str:  8    XL:     11   Next: 1%
Magic:  11/24      EV: 18    Int: 21    God:    Dithmenos [****..]
Gold:   801        SH: 10    Dex: 12    Spells: 1/16 levels left

rFire    . . .     SeeInvis .   a - +3 dagger (chaos)
rCold    . . .     Faith    .   p - +0 buckler
rNeg     . . .     Spirit   .   (helmet restricted)
rPois    +         Reflect  +   j - amulet of reflection
rElec    .         Harm     .   d - ring of poison resistance
rCorr    .                      D - ring of magical power
MR       .....                  (no ring)
Stlth    ++++++....             (no ring)
HPRegen  0.20/turn              (no ring)
MPRegen  0.19/turn              (no ring)
                                (no ring)
                                (no ring)

@: wreathed by umbra
A: almost no armour, stealthy swim, amphibious, 8 rings, constrict 8, camouflage
1, gelatinous body 1
a: Shadow Step, Renounce Religion


You were on level 9 of the Dungeon.
You worshipped Dithmenos.
Dithmenos was greatly pleased with you.
You visited 2 branches of the dungeon, and saw 10 of its levels.
You also visited: Ossuary.

You collected 801 gold pieces.

Inventory:

Hand Weapons
 a - a +3 dagger of chaos (weapon)
Missiles
 b - 284 stones
 h - 32 poisoned darts (quivered)
 m - 2 throwing nets
Armour
 p - a +0 buckler (worn)
Jewellery
 d - a ring of poison resistance (left tentacle)
 j - an amulet of reflection (around mantle)
 v - an uncursed amulet of the acrobat {unknown}
 D - a ring of magical power (right tentacle)
Wands
 z - a wand of iceblast (10)
Scrolls
 c - 5 scrolls of enchant weapon
 f - 7 scrolls of teleportation
 g - 6 scrolls of amnesia
 n - a scroll of fear
 q - 7 scrolls of identify
 w - a scroll of enchant armour {unknown}
 x - 2 scrolls of random uselessness {unknown}
 y - a scroll of blinking {unknown}
 A - a scroll of noise {unknown}
 B - a scroll of fog {unknown}
 C - a scroll of remove curse
 E - a scroll of immolation
Potions
 e - 2 potions of magic
 i - 2 potions of curing
 k - a potion of invisibility {unknown}
 l - 2 potions of heal wounds {unknown}
 o - 3 potions of mutation
 r - 2 potions of haste
 s - a potion of might {unknown}
 t - 2 potions of berserk rage {unknown}
 u - 3 potions of brilliance {unknown}


   Skills:
 + Level 2.5 Short Blades
 * Level 8.9 Dodging
 + Level 6.5 Stealth
 - Level 4.0 Shields
 - Level 3.0 Spellcasting
 - Level 5.0 Conjurations
 - Level 5.0 Transmutations
 * Level 10.1 Earth Magic


You had one spell level left.
You knew the following spells:

 Your Spells              Type           Power        Failure   Level
a - Sandblast             Erth           #####.       1%          1
b - Passwall              Tmut/Erth      ####....     1%          2
c - Petrify               Tmut/Erth      ####....     6%          4
d - Stone Arrow           Conj/Erth      ####..       1%          3
e - Lee's Rapid Deconstr  Erth           #####.....   6%          5

Your spell library contained the following spells:

 Spells                   Type           Power        Failure   Level
 Corona                   Hex            #......      13%         1
 Dazzling Flash           Conj/Hex       ##....       14%         3
 Ensorcelled Hibernation  Hex/Ice        #.....       21%         2
 Confusing Touch          Hex            #.......     36%         3
 Tukima's Dance           Hex            #.......     36%         3


Dungeon Overview and Level Annotations

Branches:
Dungeon (9/15)             Temple (0/1) D:6            Lair (0/6) D:9
    Orc (1/2) D:9         Ossuary (visited)

Altars:
Dithmenos
Elyvilon
Fedhas
Makhleb
Okawaru
Sif Muna
Trog
Vehumet
Yredelemnul
The Shining One

Shops:
D:6 [   D:9 (==[=

Annotations:
D:9 1 runed translucent door


Innate Abilities, Weirdness & Mutations

You cannot wear most types of armour.
You are very stealthy in the water. (Stealth+)
You are amphibious.
You can wear up to eight rings at the same time.
You can use your tentacles to constrict eight enemies at once.
Your skin changes colour to match your surroundings (Stealth+).
Your rubbery body absorbs attacks. (AC +1, EV +1)


Message History

Casting: Petrify (dangerous; 6% risk of failure)
Confirm with . or Enter, or press ? or * to list all spells.
Aiming: Petrify (dangerous; 6% risk of failure)
Press: ? - help, Shift-Dir - straight line, f/p - orc knight
Aim: an orc knight, wielding a +0 long sword and wearing a +0 plate armour (umbra, chance to defeat MR: 45%)
The orc knight is moving more slowly.
Your shadow mimicks your spell!
The orc knight stops moving altogether!
The helpless orc knight fails to defend itself.
You impale the orc knight!!
The orc knight flickers and vanishes!
Deactivating autopickup; reactivate with Ctrl-A.
You hit something but do no damage. You squeeze something. You hit something.
Nothing appears to happen.
You squeeze something.
Your magical contamination has completely faded away.
Something hits you.
* * * LOW HITPOINT WARNING * * *
Something hits you!
* * * LOW HITPOINT WARNING * * *
Something hits you!
You die...

......................'.......#..
....................>.#.......#..
......................#.......#.(
......................#########..
......##########O................
......# #.#######.........
......# #.#.......<.......
####..# #.####.....####...
#..##########@##...P..PP.##...
#.............#......PP..P###+
#...#########......PP.PPPP##..
#...# #.....PP...PPP##.. #...#
#....PPPP.>.PP##.. ####.\.#
#.#PPPPPPP..PP##.. .......#
#.##PPPPPPPPP###[.
.......#########.##############..
#..........⌠.⌠...#........#...#..


You could see an ogre.

Vanquished Creatures
  A two-headed ogre (D:8)
  Psyche (D:9)
  A komodo dragon (D:9)
  A troll (D:9)
  Eustachio (D:3)
  Menkaure (D:6)
  A warg (D:9)
  2 orc warriors (D:8)
  3 sky beasts
  2 ice beasts
  2 black bears
  A necrophage (D:9)
  8 ogres
  3 phantoms
  An elf zombie (D:6)
  An elf skeleton (D:6)
  4 bullfrogs
  A wyvern zombie (D:6)
  3 scorpions (D:6)
  9 killer bees
  A troll zombie (D:9)
  A water moccasin skeleton (D:4)
  4 howler monkeys
  A bullfrog zombie (D:9)
  5 human zombies
  Crazy Yiuf (D:7)
  3 orc priests
  2 bullfrog skeletons (D:8)
  5 hounds
  3 centaur skeletons
  5 human skeletons
  2 iguanas
  10 orc wizards
  7 worker ants
  A hound skeleton (D:5)
  14 mummies
  Robin (D:2)
  A howler monkey zombie (D:6)
  3 gnolls (D:4)
  6 adders
  2 shadow imps
  A white imp (D:5)
  4 ufetubi
  An ooze (D:3)
  An adder skeleton (D:5)
  3 worms
  A dart slug (D:3)
  7 leopard geckos
  35 orcs
  4 ball pythons
  3 giant cockroaches
  13 goblins
  5 hobgoblins
  2 jackals (D:6)
  2 quokkas (D:6)
  5 bats
  9 frilled lizards
  3 gnoll skeletons (Ossuary)
  A goblin skeleton (Ossuary)
  4 kobolds
  4 kobold skeletons (Ossuary)
  2 leopard gecko skeletons
  A leopard gecko zombie (D:5)
  4 orc skeletons
  3 orc zombies
  2 quokka skeletons
  8 rats
  11 rat skeletons (Ossuary)
264 creatures vanquished.

Vanquished Creatures (others)
  3 plants
3 creatures vanquished.

Grand Total: 267 creatures vanquished

Notes
Turn   | Place    | Note
-------+----------+-------------------------------------------
     0 | D:1      | MrRokkomies the Octopode Earth Elementalist began the quest
                  | for the Orb.
     0 | D:1      | Reached XP level 1. HP: 11/11 MP: 3/3
   120 | D:1      | Reached XP level 2. HP: 17/17 MP: 5/5
   665 | D:1      | Reached XP level 3. HP: 21/21 MP: 6/6
   669 | D:1      | Learned a level 2 spell: Passwall
  1209 | D:2      | Noticed Robin
  1214 | D:2      | Killed Robin
  1823 | D:2      | Found a bloodstained altar of Trog.
  1926 | D:2      | Found a glowing golden altar of the Shining One.
  1933 | D:2      | Reached XP level 4. HP: 25/27 MP: 7/7
  2355 | D:3      | Reached skill level 4 in Earth Magic
  2564 | D:3      | Reached XP level 5. HP: 25/31 MP: 8/8
  3359 | D:4      | Noticed Eustachio
  3393 | D:3      | HP: 1/31 [white imp/puff of frost[Eustachio] (3)]
  3394 | D:3      | Killed Eustachio
  3394 | D:3      | Reached XP level 6. HP: 5/36 MP: 8/10
  3629 | D:4      | Learned a level 4 spell: Petrify
  3633 | D:4      | Learned a level 3 spell: Stone Arrow
  3732 | D:4      | Found an iron altar of Okawaru.
  3918 | D:4      | Found a white marble altar of Elyvilon.
  3922 | D:4      | Found a shimmering blue altar of Sif Muna.
  3959 | D:4      | Reached skill level 5 in Earth Magic
  3959 | D:4      | Reached XP level 7. HP: 41/41 MP: 6/11
  4017 | D:4      | Reached skill level 5 in Stealth
  4114 | D:4      | Found a burning altar of Makhleb.
  4114 | D:4      | Noticed a green death
  4117 | D:4      | Noticed an orange demon
  4117 | D:4      | Noticed a smoke demon
  4129 | D:4      | Found a shadowy altar of Dithmenos.
  4140 | D:4      | Became a worshipper of Dithmenos the Shadowed
  4227 | D:4      | Found a blossoming altar of Fedhas.
  4736 | D:5      | Entered Level 5 of the Dungeon
  4750 | D:5      | Reached skill level 1 in Shields
  4832 | D:5      | Reached skill level 1 in Conjurations
  5645 | D:6      | Found a staircase to the Ecumenical Temple.
  5657 | D:6      | Noticed Menkaure
  5678 | D:6      | Killed Menkaure
  5678 | D:6      | Reached skill level 6 in Earth Magic
  5678 | D:6      | Reached XP level 8. HP: 22/46 MP: 5/12
  5860 | D:6      | Reached * piety under Dithmenos
  5870 | D:6      | Found a sand-covered staircase.
  5881 | Ossuary  | Entered an ossuary
  6357 | Ossuary  | Reached ** piety under Dithmenos
  6751 | D:6      | Reached skill level 7 in Earth Magic
  7137 | D:6      | Reached skill level 5 in Dodging
  7502 | D:6      | Found Xuklyiti's Antique Armour Shoppe.
  7509 | D:6      | Reached XP level 9. HP: 50/51 MP: 13/13
  8058 | D:6      | You fall into a shaft and drop 1 floor!
  8539 | D:7      | Reached *** piety under Dithmenos
  8553 | D:7      | Reached skill level 8 in Earth Magic
  8782 | D:7      | Found a runed translucent door.
  8783 | D:7      | Noticed Crazy Yiuf
  8798 | D:7      | Killed Crazy Yiuf
  9827 | D:8      | Reached XP level 10. HP: 31/56 MP: 1/14
 10199 | D:7      | Learned a level 5 spell: Lee's Rapid Deconstruction
 10498 | D:8      | Noticed a two-headed ogre
 10501 | D:8      | Reached skill level 9 in Earth Magic
 10540 | D:8      | Killed a two-headed ogre
 10540 | D:8      | Reached **** piety under Dithmenos
 10540 | D:8      | Reached skill level 5 in Conjurations
 10540 | D:8      | Reached skill level 5 in Transmutations
 11582 | D:9      | Found a staircase to the Lair.
 11611 | D:9      | Reached skill level 1 in Short Blades
 11934 | D:9      | Found Agedik's Jewellery Boutique.
 11954 | D:9      | Found a staircase to the Orcish Mines.
 12117 | D:9      | Found Ramaes's Jewellery Shoppe.
 12154 | D:9      | Found Vevvoodo's Armour Shop.
 12161 | D:9      | Found Vexkiq's Jewellery Boutique.
 12262 | D:9      | Noticed a cyclops
 12267 | D:9      | Found a runed translucent door.
 12358 | D:9      | Found Biypachez's Weapon Shop.
 12409 | D:9      | Found a basalt altar of Yredelemnul.
 12836 | D:9      | Found a radiant altar of Vehumet.
 12923 | D:9      | Noticed Psyche
 12931 | D:9      | Killed Psyche
 12931 | D:9      | Reached skill level 10 in Earth Magic
 13041 | Orc:1    | Entered Level 1 of the Orcish Mines
 13345 | Orc:1    | Noticed an orc knight
 13347 | Orc:1    | Noticed an orc high priest
 13362 | D:9      | Reached XP level 11. HP: 53/61 MP: 15/15
 13476 | D:9      | Slain by an orc knight

Illustrated notes

Levels and vault maps discovered:
D:1:      dpeg_arrival_water_temple_mockup, layout_basic
D:2:      layout_loops_ring, tso_oasis_becter, lemuel_coloured_pillars_altar,
          uniq_robin
D:3:      layout_loops_corners
D:4:      layout_basic, old_standard_altar, makhleb_altar_promises_db,
          nicolae_dithmenos_through_a_glass_darkly, fedhas_ov_isle_minmay,
          grunt_temple_overflow_open, uniq_eustachio
D:5:      layout_loops_ring
D:6:      layout_loops_ring, nicolae_overflow_hidden_temple,
          minmay_temple_entry_antechambers, nicolae_ossuary_entry_catacombs,
          serial_shops, nicolae_shop_behind_doors, uniq_menkaure
D:7:      layout_rooms, st_stairs_4, uniq_crazy_yiuf_cottage
D:8:      layout_basic
D:9:      layout_irregular_city, lemuel_mausoleum_altar_yredelemnul,
          marbit_many_paths, david_lair_shrubbed, serial_shops, shop_fountains,
          shop_coins, shop, shop, kennysheep_mini, minmay_st_funbox,
          kennysheep_generic_room_12, uniq_psyche
Orc:1:    layout_caves, statue_in_the_mist_lemuel

Skill      XL: |  1  2  3  4  5  6  7  8  9 10 |
---------------+-------------------------------+-----
Stealth        | 3 4 5 6 |  6.5
Dodging        | 3 4 5 7 8 |  8.9
Earth Magic    | 4 5 6 7 8 10 | 10.1
Spellcasting   | 3 |  3.0
Shields        | 2 4 |  4.0
Conjurations   | 1 3 4 5 |  5.0
Transmutations | 2 3 4 5 |  5.0
Short Blades   | 2 |  2.5

Action                   |  1- 3 |  4- 6 |  7- 9 | 10-12 || total
-------------------------+-------+-------+-------+-------++-------
Melee: Dagger            |    62 |    71 |   345 |   188 ||   666
       Constrict         |    14 |    15 |    69 |    23 ||   121
       Tentacles         |     6 |     6 |    51 |    34 ||    97
Throw: Dart              |       |       |       |     4 ||     4
 Cast: Sandblast         |     9 |    26 |    95 |    34 ||   164
       Stone Arrow       |       |       |    16 |    12 ||    28
       Petrify           |       |       |     3 |    17 ||    20
       Lee's Rapid Decon |       |       |       |     1 ||     1
Evoke: Wand              |       |       |       |     2 ||     2
  Use: Scroll            |       |     8 |     7 |     2 ||    17
       Potion            |       |     1 |     7 |       ||     8
 Stab: Sleeping          |    20 |     7 |    48 |    20 ||    95
       Petrified         |       |       |     8 |    29 ||    37
       Petrifying        |       |       |       |     1 ||     1
Armor: Skin              |     2 |     6 |    40 |     6 ||    54
Dodge: Dodged            |    22 |    62 |   173 |    95 ||   352
Block: Other             |     2 |    19 |     1 |       ||    22
       Reflection        |     1 |       |     2 |     2 ||     5
       Buckler           |       |       |   186 |    78 ||   264

Table legend: (Time is in decaauts)
 A = Elapsed time spent in this place.
 B = Non-inter-level travel time spent in this place.
 C = Inter-level travel time spent in this place.
 D = Time resting spent in this place.
 E = Time spent auto-exploring this place.
 F = Levels seen in this place.
 G = Mean time per level.
                   A        B        C        D        E       F      G
               +--------+--------+--------+--------+--------+-----+--------+
         Total |  13472 |  13083 |    389 |   2080 |   8868 |  11 | 1224.7 |
       Dungeon |  12698 |  12309 |    389 |   1795 |   8587 |   9 | 1410.9 |
  Orcish Mines |     64 |     64 |      0 |      0 |     44 |   1 |   64.0 |
       Ossuary |    710 |    710 |      0 |    285 |    237 |   1 |  710.0 |
               +--------+--------+--------+--------+--------+-----+--------+

Top non-repeatable levels by time:
     D:6: 1888 daAuts
     D:9: 1824 daAuts
     D:8: 1779 daAuts
     D:7: 1574 daAuts
     D:3: 1385 daAuts
     D:4: 1146 daAuts
     D:2: 1140 daAuts
     D:1: 1063 daAuts
     D:5: 895 daAuts
 Ossuary: 710 daAuts
   Orc:1: 64 daAuts
